cohdb
Replays
Latest Replays
All Replays
Popular Replays
Top Player Replays
Match Explorer
How It Works
Community
CoH3 Stats
Reddit
Sign in to upload your games and track your stats! →
Sign in with Steam
Match 40329221
Unlisted
Match 40329221
Overview
Messages
Build Orders
End
Engineer Squad
Construct Barracks
Selects Heavy Weapons
Riflemen Squad
Riflemen Squad
Riflemen Squad
M1 Mortar Team
Construct Weapon Support Center
Infantry Support Center
M1919 Machine Gun Team
Selects M2HB .50cal Heavy Machine Gun
Selects Assault Carriers
Grenade Package
M3 Assault Carrier
M3 Assault Carrier
Selects Halftrack Strongpoints
M1919 Machine Gun Team
Engineer Squad
Forward Retreat Point
Selects Gallant Stand
Selects Black Dragon Artillery Barrage
Black Dragon Artillery Barrage
Construct Tank Depot
Black Dragon Artillery Barrage
M4A1 Sherman Medium Tank
Scout Squad
M4A1 Sherman Medium Tank
Black Dragon Artillery Barrage
Survival Training
Advanced Logistics
Engineer Squad
SgtSteiner
Joe Bizon
ZyG | IronPriest
Jun
Turtlemaster
Gorilla
.45 Parabellum i0N
< blank >
0
0
Comments
sign in to comment!
No comments posted yet!